AoeStats
← Mhafiki

Arabia

508581729Analyzed
1v1 RM · 8d ago on Sep 23, 2026· 77m 49s· 2 players
Game mode
Random Map
Map size
Tiny (2 player)
Population
200
Speed
Normal
Resources
Standard
Victory
Conquest
Starting age
Dark Age
Ending age
Imperial Age
RankedLock teamsTeams togetherTeam positionsShared explorationLock speedFull tech treeHidden civsTurbo modeCheats
Victory
Defeat
🇺🇸 Saxons · United States
1152
+14
🇨🇱 Magyars · Chile
1116
-14
Mhafiki
7:33 Loom
9:38 Feudal Age
7:54 Loom
9:40 Feudal Age
11:30 Double-Bit Axe
11:26 Horse Collar
20:26 Castle Age
19:01 Fletching
21:36 Bow Saw
21:21 Crossbowman
22:06 Padded Archer Armor
22:24 Heavy Plow
23:26 Scale Mail Armor
24:06 Forging
26:14 Iron Casting
25:54 Pikeman
31:56 Squires
31:42 Gambesons
34:44 Chain Mail Armor
40:00 Imperial Age
38:14 Wheelbarrow
37:26 Town Watch
39:09 Gold Mining
39:32 Bodkin Arrow
39:52 Leather Archer Armor
39:50 Gambesons
39:51 Arson
41:13 Plate Mail Armor
41:15 Hand Cart
41:48 Bracer
42:18 Ring Archer Armor
41:55 Thumb Ring
42:25 Conscription
42:50 Town Patrol
42:25 Halberdier
43:29 Shield Wall
44:52 Hoardings
46:18 Elite Varangian Guard
50:41 Gold Shaft Mining
49:59 Stone Mining
52:24 Ballistics
53:05 Chemistry
52:11 Siege Engineers
52:16 Masonry
52:19 Siege Engineers
53:14 Chemistry
52:26 Masonry
52:37 Ballistics
51:58 Treadmill Crane
52:28 Arbalester
59:45 Chemistry
59:05 Ballistics
58:55 Masonry
58:41 Murder Holes
58:27 Treadmill Crane
Joven Coco
4:48 Loom
10:34 Feudal Age
11:06 Double-Bit Axe
11:20 Horse Collar
14:24 Town Watch
16:48 Wheelbarrow
16:47 Scale Barding Armor
22:29 Castle Age
21:11 Gold Mining
21:52 Bloodlines
22:34 Light Cavalry
23:39 Chain Barding Armor
29:42 Husbandry
32:48 Bow Saw
32:40 Heavy Plow
35:36 Stone Mining
37:55 Hand Cart
41:18 Imperial Age
39:04 Corvinian Army
43:36 Plate Barding Armor
43:38 Conscription
43:08 Elite Magyar Huszar
44:18 Elite Skirmisher
45:03 Fletching
45:50 Padded Archer Armor
45:46 Bodkin Arrow
46:50 Parthian Tactics
45:46 Heavy Cavalry Archer
46:33 Thumb Ring
47:39 Gold Shaft Mining
49:35 Crop Rotation
50:08 Two-Man Saw
49:23 Bracer
52:59 Ballistics
53:41 Chemistry
52:59 Leather Archer Armor
55:55 Ring Archer Armor
57:43 Recurve Bow
61:31 Hussar
69:10 Elite Skirmisher
71:22 Recurve Bow
Connection lost

Rejoining the realm…

Still unreachable

The connection could not be restored.

Session expired

The server has moved on; the page needs a fresh start.